 Dungeon Crawl Stone Soup version 0.16.0 (webtiles) character file.

8628 Fiveotanaka the Grappler (level 11, 0/94 HPs)
             Began as a Troll Monk on Mar 17, 2015.
             Slain by an eight-headed hydra (2 damage)
             ... on level 12 of the Dungeon.
             The game lasted 00:21:01 (7449 turns).

Fiveotanaka the Grappler (Troll Monk)               Turns: 7449, Time: 00:21:01

Health: 0/94       AC:  9    Str: 21    XL:     11   Next: 12%
Magic:  4/4        EV: 14    Int:  6    God:
Gold:   311        SH:  0    Dex: 15    Spells: 0 memorised, 10 levels left

rFire  + . .     SeeInvis .       - Unarmed
rCold  . . .     Clarity  .     s - +2 robe {rF+}
rNeg   . . .     SustAb   .     (shield restricted)
rPois  +         Gourm    +     (helmet restricted)
rElec  .         Spirit   .     z - +1 cloak {rPois}
rCorr  .         Warding  .     (gloves unavailable)
rMut   .         Stasis   .     (boots unavailable)
MR     .....                    B - amulet of regeneration
Stlth  ++........               (no ring)
                                N - ring of poison resistance

@: not resistant to hostile enchantments, unstealthy
A: unfitting armour, claws 3, fast metabolism 3, gourmand, mutation resistance
1, regeneration 2, shaggy fur 1, tough skin 2
a: no special abilities


You were on level 12 of the Dungeon.
You were very full.

You visited 2 branches of the dungeon, and saw 11 of its levels.

You collected 500 gold pieces.
You spent 189 gold pieces at shops.

Inventory:

Hand weapons
 a - a +0 blowgun
Missiles
 g - 332 stones (quivered)
 l - 83 poisoned needles
 y - 5 curare-tipped needles
Armour
 s - a +2 robe of fire resistance (worn)
 z - a +1 cloak of poison resistance (worn)
Jewellery
 B - an amulet of regeneration (around neck)
 I - an uncursed ring of teleportation
 N - a ring of poison resistance (left claw)
Magical devices
 c - a wand of cold (1)
 w - a wand of digging (16)
 F - a wand of flame (19)
 H - a wand of lightning (2)
 K - a wand of disintegration (12)
 L - a wand of magic darts (33)
 S - a wand of random effects (25)
Scrolls
 e - 2 scrolls of identify
 i - 4 scrolls of magic mapping
 k - 9 scrolls of remove curse
 m - a scroll of enchant weapon {unknown}
 n - a scroll of amnesia {unknown}
 t - 2 scrolls of teleportation
 v - a scroll of recharging {unknown}
 x - a scroll of fog {unknown}
 C - a scroll of holy word {unknown}
 M - a scroll of immolation {unknown}
 P - a scroll of blinking {unknown}
 R - a scroll of fear {unknown}
Potions
 d - 3 potions of might
 f - 2 potions of resistance
 h - 5 potions of curing
 j - 2 potions of flight {unknown}
 o - 5 potions of heal wounds {unknown}
 p - a potion of restore abilities {unknown}
 r - a potion of ambrosia {unknown}
 A - a potion of agility {unknown}
 E - 2 potions of haste {unknown}
Books
 u - a Necronomicon {highlevel, unknown}

   This book is beyond your current level of understanding.

   Spells                             Type                      Level
   a - Haunt                          Necromancy/Summoning         7
   b - Borgnjor's Revivification      Necromancy                   8
   c - Death's Door                   Charms/Necromancy            8
   d - Necromutation                  Transmutation/Necromancy     8
 D - a book of Frost

   Spells                             Type                      Level
   a - Freeze                         Ice                          1
   b - Throw Frost                    Conjuration/Ice              2
   c - Ozocubu's Armour               Charms/Ice                   3
   d - Throw Icicle                   Conjuration/Ice              4
   e - Summon Ice Beast               Ice/Summoning                4
   f - Condensation Shield            Ice                          4
 G - a book of Flames

   Spells                             Type                      Level
   a - Flame Tongue                   Conjuration/Fire             1
   b - Throw Flame                    Conjuration/Fire             2
   c - Conjure Flame                  Conjuration/Fire             3
   d - Inner Flame                    Hexes/Fire                   3
   e - Sticky Flame                   Conjuration/Fire             4
   f - Fireball                       Conjuration/Fire             5
 J - a book of Dreams

   Spells                             Type                      Level
   a - Ensorcelled Hibernation        Hexes/Ice                    2
   b - Flight                         Charms/Air                   3
   c - Phase Shift                    Translocation                5
   d - Shadow Creatures               Summoning                    5
   e - Mass Confusion                 Hexes                        6
   f - Darkness                       Hexes                        7
Comestibles
 b - 6 meat rations
 q - 9 bread rations
 O - 3 fruits


   Skills:
 - Level 2.4 Fighting
 * Level 7.7 Dodging
 - Level 1.1 Stealth
 + Level 14.8 Unarmed Combat


You had 10 spell levels left.
You didn't know any spells.

Dungeon Overview and Level Annotations

Branches:
Dungeon (12/15)            Temple (1/1) D:6             Orc (0/4) D:11
   Lair: D:8-11

Altars:
Ashenzari
Cheibriados
Dithmenos
Elyvilon
Fedhas
Gozag
Kikubaaqudgha
Makhleb
Nemelex Xobeh
Qazlal
Ru
Sif Muna
Trog
Vehumet
Xom
Yredelemnul
Zin
The Shining One

Shops:
D:5 :   D:6 [   D:11 [


Innate Abilities, Weirdness & Mutations

You are too large for most types of armour.
You have claws for hands.
Your metabolism is lightning-fast.
You like to eat raw meat.
You heal very quickly.
You are covered in fur (AC +1).
You have very tough skin (AC +2).
You are somewhat resistant to further mutation.


Message History

The eight-headed hydra bites you.
You barely miss the eight-headed hydra.
The eight-headed hydra is heavily wounded.
The red ugly thing claws you!
* * * LOW HITPOINT WARNING * * *
You are engulfed in flames!
You resist.
* * * LOW HITPOINT WARNING * * *
Unknown command.
Read which item? (? for menu, Esc to quit)
Okay, then.
You barely miss the eight-headed hydra.
The eight-headed hydra is heavily wounded.
The eight-headed hydra bites you.
* * * LOW HITPOINT WARNING * * *
The eight-headed hydra bites you but does no damage.
The eight-headed hydra bites you!
* * * LOW HITPOINT WARNING * * *
The eight-headed hydra barely misses you.
The eight-headed hydra bites you.
You die...

##..........#
##...........#
..
#............##
...
##...########..#
..... #...##
#..## ......
....#
##..##......
.[.##
#..#.......
...##
##.#u......#
....##
#.@D......#
.....#
#.........#
.....##
##........
......##
#........
.......#
##.......
.......## ......
........# .....
........## #...
.........#


You could see an eight-headed hydra (bleeding) and a red ugly thing.

Vanquished Creatures
  Pikel (D:6)
  2 ugly things (D:11)
  A centaur zombie (D:11)
  The ghost of edsrzf the Ducker, an experienced SpWr of Okawaru (D:6)
  2 trolls
  A shadow (D:11)
  2 deep elf magi
  A spriggan (D:11)
  6 yaks (D:11)
  A hippogriff (D:7)
  2 hungry ghosts
  2 wargs (D:11)
  Menkaure (D:4)
  A water moccasin (D:6)
  3 slaves (D:6)
  2 phantoms
  7 orc warriors
  An ice beast (D:11)
  A sky beast (D:5)
  An eye of draining (D:7)
  2 necrophages (D:11)
  5 centaurs
  4 ogres
  Duvessa (D:4)
  4 giant frogs
  A scorpion (D:6)
  3 wights (D:10)
  Dowan (D:4)
  4 crimson imps
  3 goliath beetles
  2 jellies
  A giant frog zombie (D:10)
  2 hounds
  10 orc priests
  5 orc wizards
  2 giant frog skeletons
  Natasha (thrice) (D:4)
  7 worker ants
  A killer bee zombie (D:7)
  2 iguanas
  Ijyb (D:2)
  A hound skeleton (D:5)
  A worker ant zombie (D:5)
  3 gnolls (D:7)
  12 adders
  2 shadow imps
  2 worms
  An adder skeleton (D:5)
  3 giant geckos
  An ooze (D:4)
  21 orcs
  2 bat skeletons (D:7)
  10 goblins
  18 hobgoblins
  17 kobolds
  3 quokkas
  2 ball pythons
  10 bats
  5 giant cockroaches
  A giant gecko skeleton (D:7)
  4 giant newts
  A giant spore (D:7)
  8 jackals
  A jackal zombie (D:7)
  14 rats
  8 ballistomycetes
254 creatures vanquished.

Vanquished Creatures (others)
  An adder (D:6)
  3 jackals (D:6)
  A kobold (D:6)
  2 giant spores
  A jackal zombie (D:6)
8 creatures vanquished.

Grand Total: 262 creatures vanquished

Notes
Turn   | Place    | Note
--------------------------------------------------------------
     0 | D:1      | Fiveotanaka, the Troll Monk, began the quest for the Orb.
     0 | D:1      | Reached XP level 1. HP: 22/22 MP: 1/1
   246 | D:1      | Reached XP level 2. HP: 29/29 MP: 1/1
   878 | D:1      | Reached skill level 5 in Unarmed Combat
   923 | D:2      | Reached XP level 3. HP: 36/36 MP: 2/2
   960 | D:2      | Found a shadowy altar of Dithmenos.
  1111 | D:2      | Noticed Ijyb
  1117 | D:2      | Killed Ijyb
  1124 | D:2      | Reached XP level 4. HP: 33/44 MP: 2/2
  1730 | D:3      | Reached skill level 6 in Unarmed Combat
  1924 | D:3      | Found a burning altar of Makhleb.
  2061 | D:3      | Reached XP level 5. HP: 28/50 MP: 2/2
  2260 | D:3      | Found a bloodstained altar of Trog.
  2344 | D:4      | Noticed Duvessa
  2345 | D:4      | Noticed Dowan
  2349 | D:4      | Killed Duvessa
  2349 | D:4      | Reached skill level 7 in Unarmed Combat
  2351 | D:4      | Killed Dowan
  2351 | D:4      | Reached XP level 6. HP: 43/59 MP: 3/3
  2454 | D:4      | Noticed a phantom
  2468 | D:4      | Killed a phantom
  2468 | D:4      | Reached skill level 8 in Unarmed Combat
  2584 | D:4      | Noticed Natasha
  2592 | D:4      | Killed Natasha
  2592 | D:4      | Reached XP level 7. HP: 51/66 MP: 3/3
  2645 | D:4      | Found a basalt altar of Yredelemnul.
  2645 | D:4      | Found a shattered altar of Ashenzari.
  2730 | D:4      | Noticed Menkaure
  2736 | D:4      | Killed Menkaure
  2736 | D:4      | Reached skill level 9 in Unarmed Combat
  2758 | D:4      | Noticed Natasha
  2763 | D:4      | Killed Natasha
  2805 | D:4      | Noticed Natasha
  2807 | D:4      | Killed Natasha
  2869 | D:5      | Entered Level 5 of the Dungeon
  3000 | D:5      | Found a stormy altar of Qazlal.
  3071 | D:5      | Found Wosayblu's Book Shoppe.
  3168 | D:5      | Reached skill level 10 in Unarmed Combat
  3493 | D:6      | Reached XP level 8. HP: 74/74 MP: 3/3
  3496 | D:6      | Found a staircase to the Ecumenical Temple.
  3532 | Temple   | Entered the Ecumenical Temple
  3619 | D:6      | Noticed Pikel
  3629 | D:6      | Killed Pikel
  3629 | D:6      | Reached skill level 11 in Unarmed Combat
  3663 | D:6      | Noticed edsrzf's ghost (experienced SpWr)
  3704 | D:6      | Killed edsrzf's ghost
  3704 | D:6      | Reached skill level 12 in Unarmed Combat
  3785 | D:6      | Reached XP level 9. HP: 80/80 MP: 4/4
  3934 | D:6      | Found Ereum's Armour Shop.
  3959 | D:6      | Bought a +1 cloak of poison resistance for 189 gold pieces
  4928 | D:7      | Reached skill level 13 in Unarmed Combat
  4979 | D:7      | Found a white marble altar of Elyvilon.
  5551 | D:7      | You fall through a shaft for 3 floors!
  5551 | D:10     | Entered Level 10 of the Dungeon
  5766 | D:10     | Reached XP level 10. HP: 64/88 MP: 4/4
  5926 | D:10     | Found a shimmering altar of Xom.
  6126 | D:11     | Reached skill level 14 in Unarmed Combat
  6212 | D:11     | Reached skill level 5 in Dodging
  6439 | D:11     | Found a staircase to the Orcish Mines.
  6441 | D:11     | Noticed a purple ugly thing
  6448 | D:11     | Killed a purple ugly thing
  6832 | D:11     | Noticed a purple ugly thing
  6840 | D:11     | Killed a purple ugly thing
  6840 | D:11     | Reached XP level 11. HP: 94/94 MP: 4/4
  6844 | D:11     | Gained mutation: You are somewhat resistant to further mutation. [mutagenic meat]
  7184 | D:11     | Found Osog's Antique Armour Emporium.
  7444 | D:12     | Noticed a six-headed hydra
  7449 | D:12     | HP: 2/94 [eight-headed hydra (8)]
  7449 | D:12     | Slain by an eight-headed hydra

Action                   |  1- 3 |  4- 6 |  7- 9 | 10-12 || total
-------------------------+-------+-------+-------+-------++-------
Melee: Unarmed           |    74 |   108 |   244 |   149 ||   575
Evoke: Wand              |       |       |       |     1 ||     1
  Use: Scroll            |       |     5 |     1 |     2 ||     8
       Potion            |       |       |       |     1 ||     1
 Stab: Distracted        |     1 |       |       |       ||     1
       Sleeping          |       |       |     4 |       ||     4
       Confused          |       |       |     1 |       ||     1
  Eat: Chunk             |    16 |    13 |    29 |    18 ||    76
